 Dungeon Crawl Stone Soup version 0.31.0-11-ge490571c62 (webtiles) character file.

Game seed: 210587870243294371

1358 SmokeWeed the Covert (level 8, -4/42 HPs)
             Began as a Kobold Enchanter on Feb 2, 2024.
             Killed by divine providence
             ... invoked by an orc priest
              (8 damage)
             ... on level 6 of the Dungeon.
             The game lasted 00:18:47 (6237 turns).

SmokeWeed the Covert (Kobold Enchanter)             Turns: 6237, Time: 00:18:47

Health: -4/42      AC:  9    Str:  5    XL:     8   Next: 95%
Magic:  14/14      EV: 12    Int: 16    God:
Gold:   292        SH:  0    Dex: 18    Spells: 10/15 levels left

rFire   . . .        D - +2 short sword (freeze)
rCold   . . .        (no shield)
rNeg    . . .        C - +0 ring mail
rPois   .            o - +0 helmet
rElec   .            e - +0 cloak
rCorr   .            v - +0 pair of gloves
SInv    .            (no boots)
Will    .....        k - amulet of magic regeneration
Stlth   ++++         (no ring)
HPRegen 0.27/turn    (no ring)
MPRegen 0.54/turn

%: no passive effects
@: no status effects
A: small, no large weapons, nightstalker 3
a: no special abilities


You were on level 6 of the Dungeon.
You visited 1 branch of the dungeon, and saw 6 of its levels.
You also visited: Sewer.

You collected 292 gold pieces.

Inventory:

Hand Weapons
 a - a +2 dagger
 D - a +2 short sword of freezing (weapon)
Missiles
 l - 17 poisoned darts (quivered)
 m - 3 boomerangs
Armour
 b - a +0 robe
 d - a +0 scale mail
 e - a +0 cloak (worn)
 g - a +0 chain mail
 o - a +0 helmet (worn)
 v - a +0 pair of gloves (worn)
 y - a +0 leather armour
 C - a +0 ring mail (worn)
 G - a +0 pair of gloves
Jewellery
 j - an amulet of guardian spirit
 k - an amulet of magic regeneration (around neck)
 t - an amulet of faith
Scrolls
 i - 4 scrolls of enchant weapon
 n - a scroll of poison
 p - 2 scrolls of teleportation
 s - 3 scrolls of fog
 w - 2 scrolls of revelation
 x - 4 scrolls of identify {unknown}
 F - a scroll of vulnerability
Potions
 c - a potion of invisibility
 f - 2 potions of heal wounds {unknown}
 h - 2 potions of ambrosia {unknown}
 q - a potion of experience {unknown}
 r - a potion of haste {unknown}
 u - a potion of lignification {unknown}
 z - a potion of might {unknown}
 A - a potion of cancellation {unknown}
 B - 2 potions of mutation {unknown}
 E - a potion of curing {unknown}


   Skills:
 - Level 0.8 Fighting
 - Level 2.9 Short Blades
 + Level 5.0 Armour
 - Level 3.3 Dodging
 - Level 8.0 Stealth
 - Level 4.2 Spellcasting
 - Level 4.8 Hexes
 - Level 1.9 Ice Magic


You had 10 spell levels left.
You knew the following spells:

 Your Spells              Type           Power      Damage    Failure   Level
a - Ensorcelled Hibernat  Hex/Ice        28%        N/A       26%         2
b - Tukima's Dance        Hex            18%        N/A       28%         3

Your spell library contained the following spells:

 Spells                   Type           Power      Damage    Failure   Level
 Confusing Touch          Hex            18%        N/A       28%         3
 Necrotise                Necr           12%        1d4       56%         1
 Dazzling Flash           Conj/Hex       22%        N/A       58%         3
 Lesser Beckoning         Tloc           6%         N/A       71%         2
 Gell's Gravitas          Tloc           3%         N/A       90%         3
 Teleport Other           Tloc           3%         N/A       90%         3
 Vampiric Draining        Necr           3%         2d6       90%         3
 Volatile Blastmotes      Fire/Tloc      6%         2d10      90%         3
 Fulminant Prism          Conj/Alch      1%         3d5       100%        4
 Iskenderun's Mystic Bla  Conj/Tloc      3%         2d3       100%        4
 Leda's Liquefaction      Alch/Erth      1%         N/A       100%        4
 Martyr's Knell           Necr/Summ      3%         N/A       100%        4
 Curse of Agony           Necr           3%         N/A       100%        5
 Lee's Rapid Deconstruct  Erth           1%         3d4*      100%        5
 Bombard                  Conj/Erth      1%         9d1       100%        6


Dungeon Overview and Level Annotations

Branches:
Dungeon (6/15)             Temple (0/1) D:6           Sewer (visited)

Altars:
Fedhas
Qazlal
Xom


Innate Abilities, Weirdness & Mutations

You are small and have problems with some larger weapons.
You are completely attuned to the shadows.


Message History

The sky beast hits you but does no damage.
You catch the helpless sky beast completely off-guard!
You impale the sky beast!! You freeze the sky beast.
The sky beast is severely wounded.
An orc comes into view. It is wielding a +0 short sword.
The sky beast closely misses you.
The orc shouts!
You hit the sky beast. You freeze the sky beast.
The sky beast is almost dead.
You hear a shout! x2
The sky beast flickers out of sight!
Deactivating autopickup; reactivate with Ctrl-A.
An orc comes into view. It is wielding a +0 falchion.
You flicker for a moment.
You catch the helpless orc completely off-guard!
You puncture the orc! You freeze the orc.
You kill the orc!
An orc comes into view. It is wielding a +0 war axe.
An orc priest comes into view. It is wielding a +0 dagger.
Things that are here:
a +0 war axe; an orc corpse
Found a stone staircase leading up.
The orc shouts! x3
You catch the helpless orc completely off-guard!
You impale the orc!! You freeze the orc.
You kill the orc!
The orc priest shouts!
You hit the orc. You freeze the orc.
The orc is moderately wounded.
You flicker back into view.
The orc priest invokes the aid of Beogh against you.
Beogh smites you!
* * * LOW HITPOINT WARNING * * *
The orc hits you with a +0 war axe.
* * * LOW HITPOINT WARNING * * *
You closely miss the orc.
The orc is moderately wounded.
The orc priest mumbles some strange prayers to Beogh against you.
Beogh smites you!
You die...

#....=.............
##.........##.......
###...........#.....##
..#...................
......................
#...)).##............
##..).)#.#..........
###)).....##......
#.@##...###.....
#..o)###...##..###
<..o.# #...##..#
.....# .......##
.....#....... ........


You could see an orc priest and an orc.

Vanquished Creatures
  Sigmund (D:5)
  A black bear (D:5)
  An ogre (D:5)
  A phantom (D:5)
  2 kobold brigands (Sewer)
  A bullfrog (D:4)
  2 brain worms (Sewer)
  4 hounds
  2 orc priests (D:4)
  A bombardier beetle (D:5)
  An iguana (D:5)
  4 orc wizards
  11 adders
  3 river rats (Sewer)
  A shadow imp (D:5)
  A white imp (D:6)
  A dart slug (D:2)
  A ribbon worm (D:5)
  20 orcs
  5 bats
  6 endoplasms
  9 giant cockroaches
  7 goblins
  4 hobgoblins
  9 jackals
  4 quokkas
  8 ball pythons
  9 frilled lizards
  6 kobolds
  17 rats
143 creatures vanquished.

Notes
Turn   | Place    | Note
-------+----------+-------------------------------------------
     0 | D:1      | SmokeWeed the Kobold Enchanter began the quest for the Orb.
     0 | D:1      | Reached XP level 1. HP: 10/10 MP: 3/3
   124 | D:1      | Reached XP level 2. HP: 15/15 MP: 5/5
   268 | D:1      | Learned a level 2 spell: Ensorcelled Hibernation
   621 | D:1      | Reached XP level 3. HP: 19/19 MP: 6/6
   991 | D:1      | Learned a level 3 spell: Tukima's Dance
  1662 | D:2      | Reached skill level 5 in Stealth
  1711 | D:2      | Reached XP level 4. HP: 24/24 MP: 7/7
  1844 | D:2      | Found a faded altar of an unknown god.
  2116 | D:2      | Found a stormy altar of Qazlal.
  2810 | D:3      | Reached XP level 5. HP: 28/28 MP: 8/8
  3126 | D:3      | Found a glowing drain.
  3150 | Sewer    | Entered a sewer
  3155 | Sewer    | Noticed a kobold brigand
  3161 | Sewer    | Killed a kobold brigand
  3162 | Sewer    | Reached skill level 6 in Stealth
  3236 | Sewer    | Reached XP level 6. HP: 33/33 MP: 5/10
  3295 | Sewer    | Reached skill level 7 in Stealth
  3561 | Sewer    | Reached skill level 1 in Ice Magic
  3561 | Sewer    | Reached XP level 7. HP: 36/37 MP: 7/12
  4761 | D:4      | Found a blossoming altar of Fedhas.
  5011 | D:4      | Reached skill level 8 in Stealth
  5019 | D:4      | Reached XP level 8. HP: 42/42 MP: 14/14
  5157 | D:5      | Entered Level 5 of the Dungeon
  5565 | D:5      | Noticed Sigmund
  5586 | D:5      | Killed Sigmund
  5608 | D:5      | Found a shimmering altar of Xom.
  6137 | D:6      | Found a staircase to the Ecumenical Temple.
  6211 | D:6      | Reached skill level 5 in Armour
  6237 | D:6      | Killed from afar by an orc priest

Illustrated notes

Levels and vault maps discovered:
D:1:      dpeg_arrival_prison, layout_loops_corners
D:2:      layout_loops_corners, shapermc_ecumenical_altar_hornbeckon,
          basic_altar, minmay_circle_x
D:3:      layout_loops_corners, mainiacjoe_sewer_entry_somewhere_in_here_1
D:4:      layout_rooms, fedhas_altar_1, kennysheep_generic_room_4
D:5:      layout_cave_pools, lemuel_round_altar, serial_column_ruins,
          column_ruins_hut_water, column_ruins_corridor_T,
          column_ruins_columns_corner, column_ruins_open_tiny_water,
          column_ruins_columns_T, column_ruins_open_medium,
          column_ruins_corridor_dead_end, serial_park_tiny_1,
          dreamdust_princess_bridge, minmay_holes, uniq_sigmund
D:6:      layout_cave_pools, chequers_temple_overflow_minitemple,
          minmay_temple_entry_overgrown, amcnicky_mini_corridor_feature,
          uniq_duvessa

Skill      XL: |  1  2  3  4  5  6  7  8 |
---------------+-------------------------+-----
Stealth        | 5 6 7 8 |  8.0
Short Blades   | 2 |  2.9
Hexes          | 4 |  4.8
Spellcasting   | 3 4 |  4.2
Dodging        | 3 |  3.3
Ice Magic      | 1 |  1.9
Armour         | 5 |  5.0
Fighting       | |  0.8

Action                     |  1- 3 |  4- 6 |  7- 9 || total
---------------------------+-------+-------+-------++-------
  Melee: Dagger            |    79 |   112 |    52 ||   243
         Punch             |     2 |       |       ||     2
         Short sword       |       |       |    96 ||    96
  Throw: Dart              |       |       |     1 ||     1
   Cast: Ensorcelled Hiber |     7 |    28 |    38 ||    73
    Use: Scroll            |     1 |       |     6 ||     7
         Potion            |       |       |     2 ||     2
   Stab: Sleeping          |    23 |    29 |    36 ||    88
         Distracted        |     1 |       |       ||     1
         Invisible         |       |       |     9 ||     9
 Armour: Robe              |    21 |    28 |     4 ||    53
         Ring mail         |       |       |    59 ||    59
  Dodge: Dodged            |    48 |    70 |    57 ||   175
